 Dungeon Crawl Stone Soup version 0.17.1-3-g152610e (webtiles) character file.

96 Freud the Cutter (level 4, -5/23 HPs)
             Began as a Vine Stalker Skald on Mar 30, 2016.
             Slain by a gnoll
             ... wielding a +0 halberd
              (12 damage)
             ... on level 2 of the Dungeon.
             The game lasted 00:25:05 (1627 turns).

Freud the Cutter (Vine Stalker Skald)               Turns: 1627, Time: 00:25:06

Health: -5/23      AC:  6    Str: 16    XL:     4   Next: 67%
Magic:  0/8        EV:  9    Int: 12    God:
Gold:   92         SH:  0    Dex: 13    Spells: 1 memorised, 6 levels left

rFire  . . .     SeeInvis .     v - -3 dagger (curse)
rCold  . . .     Clarity  .     r - +0 scale mail
rNeg   . . .     SustAt   .     (no shield)
rPois  .         Gourm    .     (no helmet)
rElec  .         Spirit   +     (no cloak)
rCorr  .         Warding  .     (no gloves)
rMut   .         Stasis   .     (no boots)
MR     .....                    (no amulet)
Stlth  ..........               (no ring)
                                (no ring)

@: not resistant to hostile enchantments, extremely unstealthy
A: fangs 2, regeneration 1, magic shield, antimagic bite, no device heal 3, rot
immunity
a: no special abilities


You were on level 2 of the Dungeon.
You were hungry.

You visited 1 branch of the dungeon, and saw 2 of its levels.

You collected 92 gold pieces.

Inventory:

Hand Weapons
 a - a +0 short sword
 b - a +0 dagger
 v - a cursed -3 dagger (weapon)
Missiles
 e - 19 stones (quivered)
Armour
 f - a -1 buckler
 h - a +0 ring mail
 r - a +0 scale mail (worn)
Scrolls
 g - a scroll of enchant weapon {unknown}
 l - a scroll of remove curse
 n - a scroll of random uselessness {unknown}
 o - a scroll of teleportation {unknown}
 p - a scroll of noise {unknown}
 q - 2 scrolls of magic mapping {unknown}
 s - a scroll of amnesia {unknown}
 t - a scroll of blinking {unknown}
Potions
 j - a potion of curing {unknown}
 u - a potion of brilliance {unknown}
Books
 c - a book of Battle

   Spells                             Type                      Level
   a - Infusion                       Charms                       1
   b - Shroud of Golubria             Charms/Translocation         2
   c - Song of Slaying                Charms                       2
   d - Spectral Weapon                Hexes/Charms                 3
   e - Regeneration                   Charms/Necromancy            3
Comestibles
 d - a bread ration
 i - a beef jerky
 k - 2 fruits
 m - a royal jelly
 w - a meat ration


   Skills:
 - Level 2.0 Fighting
 * Level 3.5 Short Blades
 + Level 1.9 Armour
 - Level 0.7 Dodging
 - Level 0.3 Shields
 - Level 2.1 Spellcasting
 - Level 3.0 Charms


You had 6 spell levels left.
You knew the following spells:

 Your Spells              Type           Power        Failure   Level  Hunger
a - Infusion              Chrm           #.....       30%         1    ##.....


Dungeon Overview and Level Annotations

Branches:
Dungeon (2/15)

Altars:
Trog


Innate Abilities, Weirdness & Mutations

You have extremely sharp teeth.
Your natural rate of healing is unusually fast.
When hurt, damage is shared between your health and your magic reserves.
Your bite disrupts and absorbs the magic of your enemies.
Potions and wands cannot restore your health.
You are immune to rotting.


Message History

You barely miss the hobgoblin.
You bite the hobgoblin, but do no damage.
The hobgoblin is almost dead.
The hobgoblin barely misses you.
The gnoll hits you from afar with a halberd.
* * * LOW HITPOINT WARNING * * *
You hit the hobgoblin but do no damage. Your bite misses the hobgoblin.
The hobgoblin is almost dead.
The hobgoblin hits you but does no damage.
You hit the hobgoblin but do no damage.
The hobgoblin is almost dead.
The gnoll hits you but does no damage.
You hit the hobgoblin.
You kill the hobgoblin!
The gnoll barely misses you.
You see here a club.
You closely miss the gnoll. Your bite misses the gnoll.
The gnoll hits you with a halberd!
Ouch! That really hurt!
You die...

#...# ##.## #..# #.###
##.#.## #...
#.#########.###.#####.#
#.##.......## ##......#
#.##.######.###.#######
#.##.#######.#.####
#........##.......#
####.###.##...###g#
#..@g......# #.#
########.#.###.#
#.......#
############.#####
#........###.## #####
##.######.##...## ....#
#.......#.#.#.#.#######
....#
#..###................#
....# #..#
#..#.#.#.#.#####.#


You could see a gnoll.

Vanquished Creatures
  A gnoll (D:2)
  3 adders (D:2)
  An ooze (D:2)
  7 bats
  4 giant cockroaches
  5 goblins
  11 hobgoblins
  3 jackals (D:1)
  7 kobolds
  A quokka (D:2)
  2 giant newts (D:1)
  7 rats
52 creatures vanquished.

Notes
Turn   | Place    | Note
--------------------------------------------------------------
     0 | D:1      | Freud the Vine Stalker Skald began the quest for the Orb.
     0 | D:1      | Reached XP level 1. HP: 11/11 MP: 4/4
    70 | D:1      | Reached skill level 1 in Armour
    95 | D:1      | Reached XP level 2. HP: 5/15 MP: 6/6
   456 | D:1      | Reached XP level 3. HP: 13/18 MP: 5/7
  1129 | D:2      | Found a bloodstained altar of Trog.
  1173 | D:2      | Reached XP level 4. HP: 23/23 MP: 6/8
  1627 | D:2      | Slain by a gnoll

Action                   |  1- 3 |  4- 6 || total
-------------------------+-------+-------++-------
Melee: Short sword       |   147 |    21 ||   168
       Dagger            |       |    75 ||    75
  Use: Scroll            |     1 |       ||     1
  Eat: Chunk             |     1 |     1 ||     2
